 Dungeon Crawl Stone Soup version 0.18.1-48-g4cf74bf (webtiles) character file.

35049 Gargoyl the Protected (level 13, -1/103 HPs)
             Began as a Demonspawn Abyssal Knight on Aug 12, 2016.
             Was the Champion of Lugonu.
             Killed from afar by mishamorgan's ghost (28 damage)
             ... with an orb of energy
             ... on level 8 of the Lair of Beasts on Aug 14, 2016.
             The game lasted 00:39:16 (18053 turns).

Gargoyl the Protected (Demonspawn Abyssal Knight)  Turns: 18053, Time: 00:39:17

Health: -1/103     AC: 36    Str: 16    XL:     13   Next: 45%
Magic:  17/17      EV:  8    Int: 11    God:    Lugonu [******]
Gold:   1154       SH:  8    Dex: 17    Spells: 0 memorised, 12 levels left

rFire  + + +     SeeInvis .     O - +2 broad axe (elec)
rCold  . . .     Gourm    .     A - +2 plate armour
rNeg   . . .     Faith    .     T - +2 buckler "Xamegu" {rF+++ Regen+ rCorr Int-3}
rPois  +         Spirit   .     F - +2 helmet
rElec  .         Dismiss  .     a - +2 cloak
rCorr  +         Reflect  .     w - +2 pair of gloves
SustAt .         Harm     .     I - +2 pair of boots
MR     .....                    L - amulet of rage
Stlth  ..........               u - +3 ring of dexterity
                                C - ring of poison resistance

@: about to teleport, not resistant to hostile enchantments, extremely
unstealthy
A: talons 2, yellow scales 3, fire resistance 1, spiny 2
a: Depart the Abyss, Bend Space, Banish, Corrupt, Enter the Abyss, Brand Weapon
With Distortion, Renounce Religion, Evoke Berserk Rage


You were on level 8 of the Lair of Beasts.
You worshipped Lugonu.
Lugonu was exalted by your worship.
You were very hungry.

You visited 2 branches of the dungeon, and saw 16 of its levels.
You visited the Abyss 1 time.

You collected 1154 gold pieces.

Inventory:

Hand Weapons
 O - a +2 broad axe of electrocution (weapon)
 P - a +1 hand axe of flaming
Missiles
 z - 14 tomahawks (quivered)
Armour
 a - a +2 cloak (worn)
 w - a +2 pair of gloves (worn)
 A - a +2 plate armour (worn)
 F - a +2 helmet (worn)
 I - a +2 pair of boots (worn)
 T - the +2 buckler "Xamegu" (worn) {rF+++ Regen+ rCorr Int-3}
   (You found it on level 6 of the Lair of Beasts)

   It affects your intelligence (-3).
   It renders you almost immune to fire.
   It increases your rate of regeneration.
   It protects you from acid and corrosion.
Rods
 l - a +0 rod of clouds (13/13)
   (You found it on level 8 of the Dungeon)
Jewellery
 k - an uncursed ring of protection from cold
 o - an uncursed ring of see invisible
 r - an uncursed ring of protection from magic {unknown}
 s - an uncursed ring of fire
 t - an uncursed ring of resist corrosion
 u - a +3 ring of dexterity (right hand)
 C - a ring of poison resistance (left hand)
 L - an amulet of rage (around neck)
 V - an uncursed ring of ice {unknown}
Wands
 d - a wand of teleportation (8/9)
 e - a wand of confusion (40/48)
 p - a wand of iceblast (3/15)
 y - a wand of acid (6/15)
 B - a wand of lightning (8/15)
 G - a wand of random effects (16/48)
 H - a wand of flame (24/48)
 K - a wand of digging (10/24)
 M - a wand of random effects (28/48)
 S - a wand of digging (13/24)
Scrolls
 g - 7 scrolls of remove curse
 n - 2 scrolls of teleportation
 E - 4 scrolls of magic mapping
 W - 2 scrolls of identify
 X - a scroll of enchant armour
Potions
 i - 2 potions of curing
 q - 4 potions of flight
 v - 2 potions of might
 N - 2 potions of heal wounds {unknown}
 R - a potion of agility
Books
 D - a book of Clouds

   Spells                             Type                      Level
   a - Mephitic Cloud                 Conjuration/Poison/Air       3
   b - Conjure Flame                  Conjuration/Fire             3
   c - Poisonous Cloud                Conjuration/Poison/Air       6
   d - Freezing Cloud                 Conjuration/Ice/Air          6
   e - Ring of Flames                 Charms/Fire                  7
 J - a book of Flames

   Spells                             Type                      Level
   a - Flame Tongue                   Conjuration/Fire             1
   b - Throw Flame                    Conjuration/Fire             2
   c - Conjure Flame                  Conjuration/Fire             3
   d - Inner Flame                    Hexes/Fire                   3
   e - Sticky Flame                   Conjuration/Fire             4
   f - Fireball                       Conjuration/Fire             5
 Q - a book of Power

   Spells                             Type                      Level
   a - Fulminant Prism                Conjuration/Hexes            4
   b - Iskenderun's Mystic Blast      Conjuration                  4
   c - Venom Bolt                     Conjuration/Poison           5
   d - Bolt of Magma                  Conjuration/Fire/Earth       5
   e - Iron Shot                      Conjuration/Earth            6
   f - Orb of Destruction             Conjuration                  7
   g - Spellforged Servitor           Conjuration/Summoning        7
Miscellaneous
 b - a plain deck of escape {drawn: 3}
 f - a stone of tremors
Comestibles
 c - 11 bread rations
 h - 2 slices of pizza
 j - 12 fruits
 m - 7 meat rations
 x - a royal jelly
 U - 2 beef jerkies


   Skills:
 + Level 9.9 Fighting
 + Level 10.3 Axes
 + Level 0.6 Throwing
 * Level 12.9 Armour
 + Level 5.1 Dodging
 + Level 2.0 Stealth
 + Level 8.3 Shields
 + Level 5.9 Invocations
 + Level 0.6 Evocations


You had 12 spell levels left.
You didn't know any spells.

Dungeon Overview and Level Annotations

Branches:
Dungeon (8/15)             Temple (0/1) D:4            Lair (8/8) D:8
 Shoals (0/4) Lair:6        Snake (0/4) Lair:4        Slime (0/6) Lair:6

Altars:
Ashenzari
Cheibriados
Elyvilon
Nemelex Xobeh
Okawaru
Pakellas
Ru
Trog
Xom
Yredelemnul
The Shining One
Jiyva

Annotations:
Lair:8 mishamorgan's ghost, journeyman HECj
Abyss:1 Snorg


Innate Abilities, Weirdness & Mutations

You have razor-sharp toenails.
You are completely covered in yellow scales (AC +4, rCorr).
Your flesh is heat resistant.
You are mostly covered in sharp spines.


Message History

The lindwurm is struck by your spines.
You kill the lindwurm!
Lugonu accepts your kill.
Mishamorgan's ghost hits you but does no damage.
You closely miss mishamorgan's ghost.
Mishamorgan's ghost is heavily damaged.
You slash the fungus!
You destroy the fungus!
Mishamorgan's ghost casts a spell at you.
The orb of energy hits you!
* * * LOW HITPOINT WARNING * * *
The orb of energy explodes!
Drink which item? (? for menu, Esc to quit)
You feel better. You block mishamorgan's ghost's attack.
Read which item? (? for menu, Esc to quit)
As you read the scroll of teleportation, it crumbles to dust.
You feel strangely unstable.
Mishamorgan's ghost gestures at you while chanting.
The orb of energy hits you!
You die...

##..P≈≈≈......P. #.#.#
###...≈≈≈........
#...P###..#......P......
.......#................
................P.......
........................
........................
P.......................
.......@W††.............
#........†.P............
#.....P.P...............
##.....................
#....................
#...................
#...................
...................


You could see mishamorgan's ghost.

Vanquished Creatures
  Maud (Lair:6)
  A hydra (Lair:7)
  2 catoblepae
  Pikel (D:7)
  A lindwurm (Lair:8)
  A hill giant (D:8)
  An oklob plant (Lair:4)
  A manticore (Lair:6)
  A griffon (Lair:6)
  12 elephants
  Joseph (D:7)
  3 black mambas
  7 spiny frogs
  4 rime drakes
  2 komodo dragons
  7 polar bears
  9 blink frogs
  4 slime creatures (D:8)
  Sigmund (D:2)
  A spriggan (D:8)
  29 yaks
  A wyvern (Lair:6)
  Eustachio (D:6)
  9 hippogriffs
  A basilisk (Lair:4)
  3 nagas (Lair:4)
  7 porcupines
  9 water moccasins
  2 ice beasts
  A sky beast (D:6)
  2 orc warriors (D:8)
  11 black bears
  An eye of draining (D:8)
  2 ogres
  10 wolves
  2 centaurs
  11 crocodiles
  Blork the orc (D:6)
  2 big kobolds
  20 giant frogs
  2 scorpions
  3 killer bees (D:8)
  3 wights (D:8)
  4 howler monkeys
  3 electric eels (Lair:4)
  4 crimson imps
  A giant frog zombie (D:5)
  5 jellies
  An orc priest (D:4)
  A giant frog skeleton (D:7)
  6 iguanas
  3 orc wizards
  3 worker ants
  19 sheep
  2 worker ant zombies (D:6)
  9 adders
  A howler monkey skeleton (D:5)
  45 river rats
  A shadow imp (D:8)
  3 oozes
  An adder zombie (D:8)
  2 adder skeletons
  6 worms
  7 dart slugs
  5 giant geckos
  15 orcs
  4 giant cockroaches
  10 goblins
  3 hobgoblins (D:3)
  2 jackals (D:6)
  15 kobolds
  5 quokkas
  3 ball pythons
  9 bats
  8 giant newts
  6 rats
  3 fungi
  A plant (Lair:4)
410 creatures vanquished.

Vanquished Creatures (others)
  3 hydras
  2 slaves (D:7)
  A jelly (D:7)
  2 fungi
  A plant (Lair:4)
9 creatures vanquished.

Grand Total: 419 creatures vanquished

Notes
Turn   | Place    | Note
--------------------------------------------------------------
     0 | Abyss:1  | Gargoyl the Demonspawn Abyssal Knight began the quest for the Orb.
     0 | Abyss:1  | Reached XP level 1. HP: 18/18 MP: 2/2
    58 | Abyss:1  | Noticed a sixfirhy
    61 | Abyss:2  | Found a corrupted altar of Lugonu.
   116 | Abyss:3  | Found a corrupted altar of Lugonu.
   121 | Abyss:3  | Noticed a large abomination
   125 | Abyss:3  | Noticed a spatial maelstrom
   125 | Abyss:3  | Noticed a spatial maelstrom
   125 | Abyss:3  | Noticed a spatial maelstrom
   126 | Abyss:3  | Noticed a spatial vortex
   126 | Abyss:3  | Noticed a spatial maelstrom
   126 | Abyss:3  | Noticed a spatial maelstrom
   126 | Abyss:3  | Noticed a spatial maelstrom
   127 | Abyss:3  | Noticed a spatial vortex
   127 | Abyss:3  | Noticed a spatial vortex
   127 | Abyss:3  | Noticed a spatial vortex
   127 | Abyss:3  | Noticed a spatial vortex
   127 | Abyss:3  | Noticed a spatial vortex
   127 | Abyss:3  | Noticed a spatial vortex
   127 | Abyss:3  | Noticed a spatial vortex
   128 | Abyss:3  | Noticed a spatial vortex
   128 | Abyss:3  | Noticed a spatial vortex
   128 | Abyss:3  | Noticed a spatial vortex
   128 | Abyss:3  | Noticed a spatial vortex
   128 | Abyss:3  | Noticed a spatial vortex
   128 | Abyss:3  | Noticed a spatial vortex
   128 | Abyss:3  | Noticed a spatial vortex
   147 | Abyss:3  | Noticed an ancient zyme
   164 | D:1      | Escaped the Abyss
   582 | D:1      | Reached * piety under Lugonu
   607 | D:1      | Reached skill level 1 in Dodging
   616 | D:1      | Gained mutation: You are partially covered in sharp spines. [demonic ancestry]
   616 | D:1      | Reached XP level 2. HP: 12/24 MP: 3/3
  1177 | D:1      | Reached skill level 2 in Armour
  1244 | D:1      | Gained mutation: You are partially covered in yellow scales (AC +2). [demonic ancestry]
  1244 | D:1      | Reached XP level 3. HP: 29/29 MP: 4/4
  1381 | D:2      | Noticed Sigmund
  1396 | D:2      | Killed Sigmund
  1396 | D:2      | Reached skill level 3 in Armour
  1396 | D:2      | Gained mutation: You are mostly covered in yellow scales (AC +3). [demonic ancestry]
  1396 | D:2      | Reached XP level 4. HP: 35/37 MP: 4/6
  1396 | D:2      | Reached XP level 5. HP: 40/42 MP: 4/7
  1558 | D:2      | Reached ** piety under Lugonu
  1691 | D:2      | Found an iron altar of Okawaru.
  2309 | D:3      | Reached XP level 6. HP: 43/49 MP: 8/8
  3003 | D:4      | Found a glowing golden altar of the Shining One.
  3061 | D:4      | Reached skill level 4 in Armour
  3095 | D:4      | Reached *** piety under Lugonu
  3507 | D:4      | Found a staircase to the Ecumenical Temple.
  3736 | D:4      | Gained mutation: Your flesh is heat resistant. [demonic ancestry]
  3736 | D:4      | Reached XP level 7. HP: 55/55 MP: 9/9
  3886 | D:5      | Entered Level 5 of the Dungeon
  3893 | D:5      | Reached skill level 5 in Armour
  4232 | D:5      | Found an oddly glowing altar of Pakellas.
  4279 | D:5      | Found a snail-covered altar of Cheibriados.
  4774 | D:6      | Gained mutation: Your flesh is very heat resistant. [mutagenic meat]
  4775 | D:6      | Gained mutation: You have supernaturally acute eyesight. [mutagenic meat]
  4776 | D:6      | Gained mutation: You evolve. [mutagenic meat]
  4777 | D:6      | Gained mutation: You have a pair of small antennae on your head. [mutagenic meat]
  4778 | D:6      | Gained mutation: Your mind is acute. (Int +2) [mutagenic meat]
  4779 | D:6      | Gained mutation: You occasionally shout uncontrollably at your foes. [mutagenic meat]
  4811 | D:6      | Found a sparkling altar of Nemelex Xobeh.
  4899 | D:6      | Gained mutation: You have sharp toenails. [demonic ancestry]
  4899 | D:6      | Reached XP level 8. HP: 60/61 MP: 10/10
  4919 | D:6      | Noticed Eustachio
  4924 | D:6      | Noticed Blork the orc
  4945 | D:6      | Killed Blork the orc
  4945 | D:6      | Reached skill level 6 in Armour
  4950 | D:6      | Killed Eustachio
  4950 | D:6      | Reached skill level 5 in Fighting
  4950 | D:6      | Reached skill level 1 in Shields
  5152 | D:6      | Gained mutation: You are robust (+10% HP). [evolution]
  5361 | D:6      | Found a sparkling altar of Nemelex Xobeh.
  6038 | D:7      | Noticed Pikel
  6045 | D:7      | Reached skill level 7 in Armour
  6069 | D:7      | Killed Pikel
  6069 | D:7      | Reached **** piety under Lugonu
  6069 | D:7      | Reached skill level 1 in Stealth
  6069 | D:7      | Gained mutation: You are mostly covered in sharp spines. [demonic ancestry]
  6069 | D:7      | Reached XP level 9. HP: 70/74 MP: 11/11
  6120 | D:7      | Reached skill level 8 in Armour
  6197 | D:7      | Noticed Joseph
  6205 | D:7      | Killed Joseph
  6300 | D:7      | Reached skill level 5 in Axes
  6316 | D:7      | Lost mutation: Your mind is acute. (Int +2) [potion of cure mutation]
  6316 | D:7      | Lost mutation: You have a pair of small antennae on your head. [potion of cure mutation]
  6316 | D:7      | Lost mutation: You occasionally shout uncontrollably at your foes. [potion of cure mutation]
  6316 | D:7      | Lost mutation: Your flesh is very heat resistant. [potion of cure mutation]
  6392 | D:7      | Noticed a moth of wrath
  6395 | D:7      | Found a bloodstained altar of Trog.
  6493 | D:7      | Found a shimmering altar of Xom.
  6518 | D:7      | Found a shattered altar of Ashenzari.
  6822 | D:8      | Noticed a hill giant
  6842 | D:8      | Killed a hill giant
  6843 | D:8      | Reached ***** piety under Lugonu
  6854 | D:8      | Reached skill level 9 in Armour
  6861 | D:8      | Gained mutation: You are completely covered in yellow scales (AC +4, rCorr). [demonic ancestry]
  6861 | D:8      | Reached XP level 10. HP: 65/84 MP: 12/12
  7010 | D:8      | Found a basalt altar of Yredelemnul.
  7075 | D:8      | Found a white marble altar of Elyvilon.
  7423 | D:8      | Found a sacrificial altar of Ru.
  7495 | D:8      | Gained mutation: You are clumsy. (Dex -2) [evolution]
  7658 | D:8      | Found a staircase to the Lair.
  8261 | Lair:1   | Entered Level 1 of the Lair of Beasts
  8531 | Lair:1   | Reached skill level 10 in Armour
  8928 | Lair:1   | Reached skill level 5 in Shields
  9066 | Lair:1   | Reached XP level 11. HP: 89/92 MP: 13/13
 10611 | Lair:3   | Noticed a catoblepas
 10985 | Lair:3   | Killed a catoblepas
 10985 | Lair:3   | Reached skill level 11 in Armour
 11140 | Lair:3   | Lost mutation: You are robust (+10% HP). [potion of cure mutation]
 11140 | Lair:3   | Lost mutation: You evolve. [potion of cure mutation]
 12266 | Lair:4   | Found a staircase to the Snake Pit.
 12360 | Lair:4   | Noticed an oklob plant
 12492 | Lair:4   | Killed an oklob plant
 13163 | Lair:4   | Noticed Snorg
 13166 | Lair:4   | Banished Snorg
 13213 | Lair:4   | Lost mutation: You are clumsy. (Dex -2) [potion of cure mutation]
 13213 | Lair:4   | Lost mutation: You have supernaturally acute eyesight. [potion of cure mutation]
 13460 | Lair:4   | Noticed a four-headed hydra
 13466 | Lair:4   | Banished a four-headed hydra
 13466 | Lair:4   | Reached XP level 12. HP: 90/94 MP: 9/14
 14864 | Lair:5   | Noticed a catoblepas
 14899 | Lair:5   | Killed a catoblepas
 14899 | Lair:5   | Reached skill level 12 in Armour
 15154 | Lair:5   | Noticed an eight-headed hydra
 15161 | Lair:5   | Banished an eight-headed hydra
 15377 | Lair:5   | Noticed a six-headed hydra
 15380 | Lair:5   | Banished a six-headed hydra
 15462 | Lair:5   | Identified 2 scrolls of acquirement
 15488 | Lair:5   | Reached skill level 5 in Invocations
 16259 | Lair:6   | Got a twisted buckler
 16260 | Lair:6   | Identified the +2 buckler "Xamegu" {rF+++ Regen+ rCorr Int-3} (You found it on level 6 of the Lair of Beasts)
 16296 | Lair:6   | Reached skill level 5 in Dodging
 16368 | Lair:6   | Found a staircase to the Shoals.
 16623 | Lair:6   | Noticed Maud
 16637 | Lair:6   | Killed Maud
 16637 | Lair:6   | Gained mutation: You have razor-sharp toenails. [demonic ancestry]
 16637 | Lair:6   | Reached XP level 13. HP: 58/101 MP: 17/17
 16905 | Lair:6   | Found a runed door.
 16905 | Lair:6   | Found a viscous altar of Jiyva.
 16907 | Lair:6   | Found a staircase to the Slime Pits.
 17464 | Lair:7   | Reached skill level 10 in Axes
 17472 | Lair:7   | Reached ****** piety under Lugonu
 17944 | Lair:8   | Entered Level 8 of the Lair of Beasts
 18034 | Lair:8   | Noticed mishamorgan's ghost (journeyman HECj)
 18053 | Lair:8   | Killed from afar by mishamorgan's ghost

Skill      XL: |  1  2  3  4  5  6  7  8  9 10 11 12 13 |
---------------+----------------------------------------+-----
Dodging        | 1 2 3 4 5 |  5.1
Axes           | 2 3 4 6 7 8 9 10 | 10.3
Armour         | 2 3 4 5 7 9 10 11 12 | 12.9
Fighting       | 4 5 6 7 8 9 |  9.9
Shields        | 2 3 5 6 7 8 |  8.3
Stealth        | 1 2 |  2.0
Invocations    | 3 5 |  5.9
Throwing       | |  0.6
Evocations     | |  0.6

Action                   |  1- 3 |  4- 6 |  7- 9 | 10-12 | 13-15 || total
-------------------------+-------+-------+-------+-------+-------++-------
Melee: Hand axe          |    63 |   114 |    16 |       |     6 ||   199
       War axe           |       |       |   207 |   536 |       ||   743
       Kick              |       |       |    10 |       |       ||    10
       Broad axe         |       |       |       |    93 |   135 ||   228
Throw: Tomahawk          |       |     4 |       |       |       ||     4
Invok: Depart the Abyss  |     1 |       |       |       |       ||     1
       Banish            |       |       |       |     7 |       ||     7
       Bend Space        |       |       |       |     1 |       ||     1
 Abil: Evoke Berserk Rag |       |       |       |     1 |       ||     1
Evoke: Deck              |       |     3 |       |       |       ||     3
  Use: Potion            |       |     1 |     8 |     8 |     1 ||    18
       Scroll            |       |       |    17 |    15 |     2 ||    34
 Stab: Petrified         |       |       |       |     1 |       ||     1
  Eat: Chunk             |     2 |     7 |    17 |    20 |     4 ||    50
       Royal jelly       |       |       |       |     1 |       ||     1
       Fruit             |       |       |       |    16 |       ||    16
Armor: Scale mail        |    29 |    39 |       |       |       ||    68
       Plate armour      |       |    15 |   221 |   578 |   137 ||   951
Dodge: Dodged            |    36 |    43 |    41 |   175 |    46 ||   341
Block: Shield            |       |       |   104 |   373 |       ||   477
       Buckler           |       |       |       |    44 |    78 ||   122
